 Dungeon Crawl Stone Soup version 0.30-a0-578-gdee14c521f (webtiles) character file.

Game seed: 18081456120100772930

15 demibob the Poker (level 2, -2/24 HPs)
             Began as a Demonspawn Chaos Knight on Jan 1, 2023.
             Was a Plaything of Xom.
             Frozen to death by an endoplasm (5 damage)
             ... on level 1 of the Dungeon.
             The game lasted 00:00:38 (565 turns).

demibob the Poker (Demonspawn Chaos Knight)          Turns: 565, Time: 00:00:39

Health: -2/24      AC:  5    Str: 12    XL:     2   Next: 34%
Magic:  2/2        EV: 11    Int: 13    God:    Xom [..*...]
Gold:   53         SH:  0    Dex: 12    Spells: 1/1 levels left

rFire   . . .      SeeInvis .    a - +0 spear (chaos)
rCold   . . .      Faith    .    (no shield)
rNeg    + . .      Spirit   .    b - +2 leather armour
rPois   .          Reflect  .    (no helmet)
rElec   .          Harm     .    (no cloak)
rCorr   .          Rampage  .    (no gloves)
Will    .....                    (no boots)
Stlth   +                        (no amulet)
HPRegen 0.24/turn                N - ring of positive energy
MPRegen 0.08/turn                (no ring)

@: flying
A: foul stench 1
a: Renounce Religion


You were on level 1 of the Dungeon.
You worshipped Xom.
You were a toy of Xom.
You visited 1 branch of the dungeon, and saw 1 of its levels.

You collected 53 gold pieces.


Innate Abilities, Weirdness & Mutations

You may rarely emit foul miasma when damaged in melee.


   Skills:
 - Level 3.0 Fighting
 + Level 3.4 Polearms
 - Level 1.7 Armour
 - Level 0.8 Dodging


You had one spell level left.
You didn't know any spells.
Your spell library was empty.

Inventory:

Hand Weapons
 a - a +0 spear of chaos (weapon)
Armour
 b - a +2 leather armour (worn)
Jewellery
 L - a ring of flight
 N - a ring of positive energy (left hand)
Potions
 d - 2 potions of flight
 e - a potion of magic {unknown}
 f - 2 potions of heal wounds {unknown}
 g - a potion of brilliance {unknown}
Miscellaneous
 c - a piece from Xom's chessboard (15/15) (quivered)

Dungeon Overview and Level Annotations

Branches:
Dungeon (1/15)

Altars:

#.........#.#.#
#.###.###.#.#.#
#.#.#.# #.#..
#.#...# #.###
#.#Z### #..
#.###.#.# ###
#.......#
#####.#######
#@J.?....
#########


You could see an endoplasm (fast, ally target) and a friendly hobgoblin zombie.


Message History

* * * LOW HITPOINT WARNING * * *
The endoplasm freezes you.
You are frozen.
* * * LOW HITPOINT WARNING * * *
You hit the endoplasm but do no damage.
The endoplasm is heavily wounded.
The endoplasm barely misses you.
You barely miss the endoplasm.
The endoplasm is heavily wounded.
The endoplasm barely misses you.
You barely miss the endoplasm.
The endoplasm is heavily wounded.
The endoplasm freezes you.
You are frozen.
* * * LOW HITPOINT WARNING * * *
The endoplasm freezes you.
You are frozen.
* * * LOW HITPOINT WARNING * * *
It was a potion of flight.
You feel very buoyant.
You fly up into the air.
The endoplasm completely misses you.
You hit the endoplasm.
The endoplasm is severely wounded.
The endoplasm hits you but does no damage. x2
You hit the endoplasm but do no damage.
The endoplasm is severely wounded.
The endoplasm freezes you.
You are frozen.
You die... "Huh?
Did I miss anything?"

Skill      XL: |  1 |
---------------+----+-----
Polearms       | 3 |  3.4
Fighting       | |  3.0
Armour         | |  1.7
Dodging        | |  0.8

Action                   || total
-------------------------++-------
Melee: Spear             ||    39
       Punch             ||     1
  Use: Potion            ||     1
 Stab: Sleeping          ||     2
Armor: Leather armour    ||     7
Dodge: Dodged            ||    16

Levels and vault maps discovered:
D:1:      mainiacjoe_arrival_reflecting_pool, layout_basic

Notes
Turn   | Place    | Note
-------+----------+-------------------------------------------
     0 | D:1      | demibob the Demonspawn Chaos Knight began the quest for the
                  | Orb.
     0 | D:1      | Reached XP level 1. HP: 18/18 MP: 1/1
    76 | D:1      | Reached skill level 3 in Polearms
   147 | D:1      | Gained mutation: You may rarely emit foul miasma when
                  | damaged in melee. [demonic ancestry]
   147 | D:1      | Reached XP level 2. HP: 18/24 MP: 2/2
   174 | D:1      | XOM: silly message
   444 | D:1      | XOM: cloud trail
   562 | D:1      | HP: 2/24 [frozen (1)]
   565 | D:1      | Frozen to death by an endoplasm

Vanquished Creatures
  A dart slug (D:1)
  3 ball pythons (D:1)
  2 endoplasms (D:1)
  A goblin (D:1)
  2 hobgoblins (D:1)
  A frilled lizard (D:1)
  A rat (D:1)
11 creatures vanquished.

Table legend: (Time is in decaauts)
 A = Elapsed time spent in this place.
 B = Non-inter-level travel time spent in this place.
 C = Inter-level travel time spent in this place.
 D = Time resting spent in this place.
 E = Time spent auto-exploring this place.
 F = Levels seen in this place.
 G = Mean time per level.
                   A        B        C        D        E       F      G
               +--------+--------+--------+--------+--------+-----+--------+
         Total |    562 |    562 |      0 |      0 |    484 |   1 |  562.0 |
       Dungeon |    562 |    562 |      0 |      0 |    484 |   1 |  562.0 |
               +--------+--------+--------+--------+--------+-----+--------+

Top non-repeatable levels by time:
     D:1: 562 daAuts

Table legend:
 A = Non-vault XP
 B = Vault XP
 C = Vault XP percentage of total XP
 D = Non-vault monster count
 E = Vault monster count
 F = Vault count percentage of total count
                 A         B        C        D         E       F
            +---------+---------+-------+---------+---------+-------
      Total |      22 |       0 |   0.0 |      11 |       0 |   0.0
            +---------+---------+-------+---------+---------+-------
        D:1 |      22 |       0 |   0.0 |      11 |       0 |   0.0
            +---------+---------+-------+---------+---------+-------
